 Dungeon Crawl Stone Soup version 0.28.0-45-g0d030f2227 (webtiles) character file.

Game seed: 3512586611201509717

59 Fartwhistle the Ruffian (level 4, -1/40 HPs)
             Began as a Naga Transmuter on Apr 13, 2022.
             Slain by Terence
             ... wielding a +0 mace
              (7 damage)
             ... on level 2 of the Dungeon.
             The game lasted 00:11:18 (1955 turns).

Fartwhistle the Ruffian (Naga Transmuter)           Turns: 1955, Time: 00:11:19

Health: -1/40      AC:  3    Str: 12    XL:     4   Next: 3%
Magic:  4/7        EV:  9    Int: 16    God:
Gold:   62         SH:  0    Dex: 11    Spells: 3/7 levels left

rFire   . . .      SeeInvis +     - Unarmed
rCold   . . .      Faith    .   (no shield)
rNeg    . . .      Spirit   .   a - +0 robe
rPois   +          Reflect  .   (helmet currently unavailable)
rElec   .          Harm     .   c - +0 cloak
rCorr   .          Rampage  .   (no gloves)
Will    .....                   (no barding)
Stlth   +.........              (no amulet)
HPRegen 0.13/turn               (no ring)
MPRegen 0.10/turn               (no ring)

@: appendages (expiring), flying, very slightly contaminated, very slow
A: horns 2, AC +1, large, see invisible, deformed body, poison resistance,
slowness 2, spit poison 1, naga tail 1
a: Spit Poison, End Transformation


You were on level 2 of the Dungeon.
You had temporarily grown beastly horns.
You visited 1 branch of the dungeon, and saw 2 of its levels.

You collected 62 gold pieces.

Inventory:

Armour
 a - a +0 robe (worn)
 c - a +0 cloak (worn)


   Skills:
 + Level 2.3 Fighting
 - Level 1.6 Dodging
 - Level 3.1 Unarmed Combat
 - Level 2.0 Spellcasting
 + Level 2.9 Transmutations
 - Level 1.5 Poison Magic


You had 3 spell levels left.
You knew the following spells:

 Your Spells              Type           Power      Damage    Failure   Level
a - Beastly Appendage     Tmut           22%        N/A       6%          1
b - Spider Form           Tmut/Pois      8%         N/A       24%         3

Your spell library contained the following spells:

 Spells                   Type           Power      Damage    Failure   Level
 Wereblood                Tmut           11%        N/A       10%         2
 Ice Form                 Ice/Tmut       6%         N/A       73%         4


Dungeon Overview and Level Annotations

Branches:
Dungeon (2/15)

Altars:

Annotations:
D:2 Terence


Innate Abilities, Weirdness & Mutations

You have temporarily grown beastly horns.
Your serpentine skin is tough. (AC +1)
You have supernaturally acute eyesight. (SInv)
Armour fits poorly on your strangely shaped body.
Your system is resistant to poisons. (rPois)
You cover ground very slowly.
You can spit poison.
You have a snake-like lower body.


Message History

You have got your breath back.
Terence hits you with a +0 mace.
You hit Terence but do no damage.
Terence is moderately wounded.
Terence closely misses you.
You hit Terence.
Terence is severely wounded.
Terence hits you with a +0 mace.
You hit Terence but do no damage.
Terence is severely wounded.
Terence looks more healthy.
Terence drinks a potion.
Terence is healed!
Aiming: Spit Poison (1% risk of failure)
Press: ? - help, Shift-Dir - straight line, f/p - Terence
Aim: Terence, wielding a +0 mace and wearing a +0 chain mail (lightly wounded, 70% to hit)
The splash of poison hits Terence.
Terence is moderately wounded.
Terence closely misses you.
Okay, then.
Your transformation is almost over.
Terence hits you with a +0 mace!
As you read the scroll labelled QYGADE OKALUKKU, it crumbles to dust.
It is a scroll of enchant weapon.
You aren't carrying any weapons that can be enchanted.
Terence hits you with a +0 mace!
* * * LOW HITPOINT WARNING * * *
You are too injured to fight recklessly!
It was a potion of flight.
You feel very buoyant.
You fly up into the air.
Terence completely misses you.
Casting: Beastly Appendage (safe; 6% risk of failure)
Confirm with . or Enter, or press ? or * to list all spells.
The spell is quite dangerous to miscast (24% risk of failure)!
Continue anyway?
Uppercase [Y]es or [N]o only, please.
The spell is quite dangerous to miscast (24% risk of failure)!
Continue anyway?
You miscast Spider Form.
You are very lightly contaminated with residual magic.
Nothing appears to happen.
You have got your breath back.
Terence hits you with a +0 mace!
You die...

#...###.....(.......... .
#... #....##.#######..
......###...............#
.......................†.
..........#.##.#<.......
#................###...
..#...###.##.##..........
...................###...
.......@@....##....# #...
......###.##.##..... ....
..#... #.# .##....###...
. #.. ... ........ ....
##. #........... #..# #
............# ..#
###.##.#.#.# .#


You could see Terence.

Vanquished Creatures
  Jessica (D:2)
  8 bats
  An endoplasm (D:1)
  A giant cockroach (D:1)
  2 goblins
  A hobgoblin (D:2)
  2 jackals (D:1)
  2 quokkas
  3 ball pythons
  2 frilled lizards
  5 kobolds
  4 rats (D:1)
32 creatures vanquished.

Notes
Turn   | Place    | Note
-------+----------+-------------------------------------------
     0 | D:1      | Fartwhistle the Naga Transmuter began the quest for the
                  | Orb.
     0 | D:1      | Reached XP level 1. HP: 18/18 MP: 3/3
   462 | D:1      | Reached XP level 2. HP: 25/25 MP: 3/5
  1257 | D:1      | Found a faded altar of an unknown god.
  1529 | D:2      | Noticed Jessica
  1535 | D:2      | Killed Jessica
  1536 | D:2      | Reached skill level 1 in Poison Magic
  1536 | D:2      | Reached XP level 3. HP: 32/32 MP: 4/6
  1565 | D:2      | Learned a level 3 spell: Spider Form
  1569 | D:2      | Noticed Terence
  1902 | D:2      | Reached XP level 4. HP: 36/39 MP: 7/7
  1955 | D:2      | Slain by Terence

Illustrated notes

Levels and vault maps discovered:
D:1:      wander_arrival_chamber, layout_basic, serial_rivers,
          chequers_serial_rivers_large_b, chequers_serial_rivers_small_b,
          chequers_serial_rivers_micro_b, chequers_serial_rivers_small_a,
          chequers_ecumenical_altar_lobes
D:2:      layout_basic, uniq_terence, uniq_jessica

Skill      XL: |  1  2 |
---------------+-------+-----
Fighting       | 2 |  2.3
Poison Magic   | 1 |  1.5
Dodging        | |  1.6
Unarmed Combat | |  3.1
Spellcasting   | |  2.0
Transmutations | |  2.9

Action                   |  1- 3 |  4- 6 || total
-------------------------+-------+-------++-------
Melee: Unarmed           |    68 |     7 ||    75
       Headbutt          |     5 |     1 ||     6
 Cast: Beastly Appendage |     7 |     1 ||     8
 Abil: Spit Poison       |    16 |     2 ||    18
  Use: Scroll            |       |     1 ||     1
       Potion            |       |     1 ||     1
 Stab: Sleeping          |     1 |       ||     1
Armor: Robe              |    35 |     1 ||    36
Dodge: Dodged            |    38 |     3 ||    41
